 Dungeon Crawl Stone Soup version 0.27.0-65-ge2af304b15 (webtiles) character file.

Game seed: 2079002413390371907

1 tovald2 the Grasshopper (level 1, 0/16 HPs)
             Began as a Demonspawn Warper on Aug 19, 2021.
             Slain by a ball python (1 damage)
             ... on level 1 of the Dungeon.
             The game lasted 00:00:18 (46 turns).

tovald2 the Grasshopper (Demonspawn Warper)           Turns: 46, Time: 00:00:19

Health: 0/16       AC:  3    Str: 11    XL:     1   Next: 16%
Magic:  3/3        EV:  8    Int: 14    God:
Gold:   23         SH:  0    Dex: 12    Spells: 4/4 levels left

rFire    . . .     SeeInvis .   a - +0 falchion
rCold    . . .     Faith    .   (no shield)
rNeg     . . .     Spirit   .   b - +0 leather armour
rPois    .         Reflect  .   (no helmet)
rElec    .         Harm     .   (no cloak)
rCorr    .         Rampage  .   (no gloves)
Will     .....                  (no boots)
Stlth    +.........             (no amulet)
HPRegen  0.05/turn              (no ring)
MPRegen  0.08/turn              (no ring)

@: constricted
A: no striking features
a: no special abilities


You were on level 1 of the Dungeon.
You visited 1 branch of the dungeon, and saw 1 of its levels.

You collected 23 gold pieces.

Inventory:

Hand Weapons
 a - a +0 falchion (weapon)
Missiles
 d - 5 boomerangs of dispersal (quivered)
Armour
 b - a +0 leather armour (worn)
Scrolls
 c - a scroll of blinking


   Skills:
 * Level 2.0 Fighting
 * Level 1.7 Long Blades
 - Level 0.8 Throwing
 + Level 0.8 Armour
 * Level 1.7 Dodging
 * Level 2.0 Spellcasting
 * Level 2.8 Translocations


You had 4 spell levels left.
You didn't know any spells.
Your spell library contained the following spells:

 Spells                   Type           Power      Damage    Failure   Level
 Blink                    Tloc           N/A        N/A       16%         2
 Gell's Gravitas          Tloc           4%         N/A       30%         3
 Lesser Beckoning         Tloc           4%         N/A       30%         3
 Teleport Other           Tloc           9%         N/A       30%         3
 Manifold Assault         Tloc           9%         N/A       95%         5


Dungeon Overview and Level Annotations

Branches:
Dungeon (1/15)

Altars:


Message History

2 kobolds come into view.
The kobold shouts!
A ball python comes into view.
The kobold barely misses you.
There is an open gate here.
The ball python hisses angrily.
You hit the kobold.
The kobold is severely wounded.
The kobold hits you with a +0 club. The kobold hits you but does no damage.
Your leather armour prevents you from hitting the kobold.
The kobold is severely wounded.
The kobold hits you but does no damage.
The kobold hits you with a +0 short sword.
Your leather armour prevents you from hitting the kobold.
The kobold is severely wounded.
The kobold closely misses you.
The kobold hits you with a +0 short sword.
You hit the kobold.
You kill the kobold!
The kobold hits you but does no damage. The ball python misses you.
The ball python barely misses you.
You closely miss the ball python. The kobold barely misses you.
You riposte.
You hit the kobold but do no damage. The ball python completely misses you.
The ball python misses you.
You barely miss the ball python. The ball python barely misses you. x2
The kobold closely misses you. The ball python closely misses you.
The ball python misses you.
The kobold hits you with a +0 short sword.
You closely miss the ball python.
The ball python bites you but does no damage.
The ball python misses you. The kobold hits you but does no damage.
The ball python misses you. The ball python grabs you.
The ball python constricts you.
* * * LOW HITPOINT WARNING * * *
You hit the ball python.
The ball python is severely wounded.
The kobold hits you with a +0 short sword.
* * * LOW HITPOINT WARNING * * *
The ball python bites you.
You die...

###########
#≈≈≈≈..P♣P#
#≈≈≈≈....#
#≈≈≈.....####
#≈≈≈..♣...'K####.#
#≈≈≈......@S.....#
#≈≈≈≈.....'.######
#≈≈≈≈...P####
#≈≈≈.....##
#≈≈≈......#
#≈≈≈≈....♣#
#≈≈≈≈....♣#
#≈≈≈.....P#
#≈≈.......#


You could see a ball python and a kobold.

Vanquished Creatures
  A kobold (D:1)
1 creature vanquished.

Notes
Turn   | Place    | Note
-------+----------+-------------------------------------------
     0 | D:1      | tovald2 the Demonspawn Warper began the quest for the Orb.
     0 | D:1      | Reached XP level 1. HP: 16/16 MP: 3/3
    46 | D:1      | Slain by a ball python

Illustrated notes

Levels and vault maps discovered:
D:1:      kennysheep_arrival_seaside, layout_loops_ring,
          ebering_ecumenical_altar_webs

Action                   || total
-------------------------++-------
Melee: Falchion          ||     8
Armor: Leather armour    ||     5
Dodge: Dodged            ||    14
       Rpst.: Falchion   ||     1
